 Dungeon Crawl Stone Soup version 0.30-a0-743-gbfdf073431 (webtiles) character file.

Game seed: 9387969228270124013

7 lunkers the Shield-Bearer (level 2, -6/26 HPs)
             Began as a Meteoran Fighter on Feb 6, 2023.
             Mangled by a kobold
             ... wielding a +1 whip of electrocution
              (8 damage)
             ... on level 1 of the Dungeon.
             The game lasted 00:00:14 (181 turns).

lunkers the Shield-Bearer (Meteoran Fighter)         Turns: 181, Time: 00:00:15

Health: -6/26      AC:  6    Str: 17    XL:     2   Next: 23%
Magic:  3/3        EV:  9    Int:  9    God:
Gold:   36         SH:  5    Dex: 13    Spells: 1/1 levels left

rFire   . . .      SeeInvis .    a - +0 long sword
rCold   . . .      Faith    .    c - +0 buckler
rNeg    . . .      Spirit   .    b - +0 scale mail
rPois   .          Reflect  .    (no helmet)
rElec   .          Harm     .    (no cloak)
rCorr   .          Rampage  .    (no gloves)
Will    .....                    (no boots) Stlth
                                 (no amulet)
HPRegen 0.24/turn                (no ring)
MPRegen 0.08/turn                (no ring)

@: glowing
A: sense surroundings 1, otherworldly, glowing, explore regen
a: no special abilities


You were on level 1 of the Dungeon.
You visited 1 branch of the dungeon, and saw 1 of its levels.

You collected 36 gold pieces.

Inventory:

Hand Weapons
 a - a +0 long sword (weapon)
Armour
 b - a +0 scale mail (worn)
 c - a +0 buckler (worn)
Scrolls
 f - a scroll of identify {unknown}
Potions
 d - a potion of might
 e - a potion of heal wounds {unknown}


   Skills:
 - Level 3.2 Fighting
 * Level 3.3 Long Blades
 - Level 3.6 Armour
 - Level 3.6 Shields


You had one spell level left.
You didn't know any spells.
Your spell library was empty.

Dungeon Overview and Level Annotations

Branches:
Dungeon (1/15) Zot: 411

Altars:


Innate Abilities, Weirdness & Mutations

You passively map a small area around you.
You are easily found by Zot.
You glow in the dark.
You regain HP and MP as you explore.


Message History

a +0 club; a goblin corpse A ball python comes into view.
The ball python hisses angrily.
A ball python is nearby!
You barely miss the ball python. The ball python closely misses you.
The ball python grabs you. The ball python constricts you.
You closely miss the ball python. You block the ball python's attack.
The ball python constricts you.
The ball python bites you but does no damage.
The ball python constricts you.
You slash the ball python!
You kill the ball python!
No target in view!
No target in view!
No target in view!
No target in view!
A kobold comes into view.
It is wielding a +1 whip of electrocution.
Found a viscous cyan potion.
The kobold shouts!
The kobold throws a stone.
You block the stone.
A ball python comes into view.
There are monsters nearby!
You closely miss the kobold. The kobold barely misses you.
A hobgoblin comes into view.
The kobold hits you but does no damage.
You barely miss the kobold.
The hobgoblin shouts!
The kobold closely misses you.
There are monsters nearby!
You completely miss the kobold.
The kobold hits you with a +1 whip of electrocution.
You barely miss the kobold.
The kobold hits you with a +1 whip of electrocution.
You are electrocuted!
Ouch! That really hurt!
* * * LOW HITPOINT WARNING * * *
The kobold hits you with a +1 whip of electrocution.
* * * LOW HITPOINT WARNING * * *
You are electrocuted!
You die...

,.. .. ,
###+##* ..,,
. * ......*
..#*, ......
..# ,
.....!###..
, * #..
..........,
,, ...
,......... *
** ### #..
.....gKS# *
..#.#.# *
,###@#
..#(#.###
#...#
..#.....#
#.### #.
..###.#.#
#.##########
#.#
........#
#..........#
#.#
.###..###
#.....####.#
#.# .# #...#
#.....# *
#.# .#
##..##
#....## #.#
.# #....
,,#....#
#.####.###


You could see a hobgoblin, a ball python and a kobold.

Vanquished Creatures
  An endoplasm (D:1)
  2 goblins (D:1)
  A hobgoblin (D:1)
  A quokka (D:1)
  A ball python (D:1)
  A frilled lizard (D:1)
7 creatures vanquished.

Notes
Turn   | Place    | Note
-------+----------+-------------------------------------------
     0 | D:1      | lunkers the Meteoran Fighter began the quest for the Orb.
     0 | D:1      | Reached XP level 1. HP: 19/19 MP: 2/2
    83 | D:1      | Reached XP level 2. HP: 21/26 MP: 3/3
   181 | D:1      | Mangled by a kobold

Illustrated notes

Levels and vault maps discovered:
D:1:      saegor_arrival_simple_c, layout_basic

Skill      XL: |  1 |
---------------+----+-----
Long Blades    | 3 |  3.3
Fighting       | |  3.2
Armour         | |  3.6
Shields        | |  3.6

Action                     || total
---------------------------++-------
  Melee: Long sword        ||    25
 Armour: Scale mail        ||    14
  Dodge: Dodged            ||     8
  Block: Buckler           ||     7

Table legend: (Time is in decaauts)
 A = Elapsed time spent in this place.
 B = Non-inter-level travel time spent in this place.
 C = Inter-level travel time spent in this place.
 D = Time resting spent in this place.
 E = Time spent auto-exploring this place.
 F = Levels seen in this place.
 G = Mean time per level.
                   A        B        C        D        E       F      G
               +--------+--------+--------+--------+--------+-----+--------+
         Total |    187 |    187 |      0 |      0 |    139 |   1 |  187.0 |
       Dungeon |    187 |    187 |      0 |      0 |    139 |   1 |  187.0 |
               +--------+--------+--------+--------+--------+-----+--------+

Top non-repeatable levels by time:
     D:1: 187 daAuts
